 Dungeon Crawl Stone Soup version 0.21-a0-135-g8dc100c (webtiles) character file.

3388 xomlike the Cleaver (level 9, 0/74 HPs)
             Began as a Grey Draconian Wanderer on July 17, 2017.
             Was a Believer of Wu Jian.
             Slain by a two-headed ogre
             ... wielding a +0 giant spiked club
              (10 damage)
             ... on level 8 of the Dungeon.
             The game lasted 00:26:49 (12647 turns).

xomlike the Cleaver (Grey Draconian Wanderer)      Turns: 12647, Time: 00:26:50

Health: 0/74       AC: 14    Str: 15    XL:     9   Next: 74%
Magic:  9/9        EV: 13    Int: 12    God:    Wu Jian [**....]
Gold:   488        SH:  0    Dex: 14    Spells: 1/8 levels left

rFire    . . .     SeeInvis .   x - +0 battleaxe
rCold    . . .     Gourm    .   (shield currently unavailable)
rNeg     . . .     Faith    .   (armour unavailable)
rPois    .         Spirit   .   (helmet restricted)
rElec    .         Reflect  .   (no cloak)
rCorr    .         Harm     .   (no gloves)
MR       .....                  (no boots)
Stlth    +.........             S - amulet of rage
HPRegen  0.22/turn              m - ring of wizardry
MPRegen  0.11/turn              u - +2 ring of protection

@: no status effects
A: walk through water, unfitting armour, unbreathing, cold-blooded, AC +12
a: Renounce Religion, Evoke Berserk Rage


You were on level 8 of the Dungeon.
You worshipped Wu Jian.
Wu Jian was pleased with you.
You were not hungry.

You visited 2 branches of the dungeon, and saw 9 of its levels.
You also visited: Ossuary.

You collected 488 gold pieces.

Inventory:

Hand Weapons
 b - a +1 hand axe
 x - a +0 battleaxe (weapon)
 K - a +0 quarterstaff
Missiles
 e - 252 stones (quivered)
Armour
 a - a +0 shield
 j - a +0 robe
 w - a +0 ring mail
Magical Staves
 n - an uncursed staff of air {unknown}
Jewellery
 k - an uncursed ring of positive energy
 m - a ring of wizardry (left hand)
 o - a +3 ring of dexterity
 r - an uncursed ring of stealth
 u - a +2 ring of protection (right hand)
 E - an uncursed ring of see invisible
 M - an uncursed ring of ice
 N - an uncursed ring of ice
 S - an amulet of rage (around neck)
Wands
 t - a wand of enslavement (0/24)
 y - a wand of polymorph (8/24)
 P - a wand of acid (7/15)
Scrolls
 c - 6 scrolls of remove curse
 f - 6 scrolls of recharging
 g - 2 scrolls of immolation
 h - a scroll of enchant weapon
 l - 6 scrolls of identify
 p - 5 scrolls of magic mapping
 s - 5 scrolls of amnesia
 J - a scroll of blinking {unknown}
 O - a scroll of teleportation
Potions
 i - 4 potions of brilliance
 q - 2 potions of degeneration
 v - a potion of agility
 z - 2 potions of berserk rage
 A - 2 potions of might {unknown}
 B - 2 potions of ambrosia {unknown}
 C - 3 potions of mutation {unknown}
 D - 3 potions of haste
 H - a potion of flight {unknown}
Books
 F - a book of Cantrips

   Spells                             Type                      Level
   a - Confusing Touch                Hexes                        1
   b - Animate Skeleton               Necromancy                   1
   c - Summon Small Mammal            Summoning                    1
   d - Apportation                    Translocation                1
 I - a book of Minor Magic

   Spells                             Type                      Level
   a - Magic Dart                     Conjuration                  1
   b - Blink                          Translocation                2
   c - Call Imp                       Summoning                    2
   d - Slow                           Hexes                        2
   e - Conjure Flame                  Conjuration/Fire             3
   f - Mephitic Cloud                 Conjuration/Poison/Air       3
Comestibles
 d - 6 bread rations
 G - 10 fruits
 L - 6 meat rations
 Q - a royal jelly


   Skills:
 - Level 5.6 Fighting
 + Level 13.1 Axes
 - Level 1.0 Throwing
 - Level 3.4 Dodging
 - Level 1.0 Shields


You had one spell level left.
You knew the following spells:

 Your Spells              Type           Power        Failure   Level  Hunger
a - Blink                 Tloc           N/A          21%         2    ###....
b - Call Imp              Summ           #.......     21%         2    ###....
c - Conjure Flame         Conj/Fire      #.......     36%         3    ####...


Dungeon Overview and Level Annotations

Branches:
Dungeon (8/15)             Temple (1/1) D:4
   Lair: D:8-11

Altars:
Ashenzari
Cheibriados
Dithmenos
Elyvilon
Fedhas
Gozag
Hepliaklqana
Kikubaaqudgha
Makhleb
Nemelex Xobeh
Okawaru
Qazlal
Ru
Sif Muna
Trog
Uskayaw
Vehumet
Wu Jian
Xom
Yredelemnul
Zin
The Shining One


Innate Abilities, Weirdness & Mutations

You can walk through water.
Your dull iron-grey scales are very hard. (AC +12)
You cannot fit into any form of body armour.
You can survive without breathing.
You are cold-blooded and may be slowed by cold attacks.


Message History

That's the wrong kind of item! (Use * to select it.) Evoke which item? (* to show all) (? for menu, Esc to quit)
You don't have any such object.
Evoke which item? (* to show all) (? for menu, Esc to quit)
Aiming: Corrosive Bolt (will waste charges)
Press: ? - help, Shift-Dir - straight line, f - two-headed ogre
Aim: a two-headed ogre, wielding two giant spiked clubs (moderately wounded)
The bolt of acid hits the two-headed ogre.
The two-headed ogre is splashed with acid.
The two-headed ogre is heavily wounded.
Evoking this partially-identified wand wasted a few charges.
The two-headed ogre closely misses you.
The two-headed ogre hits you with a giant spiked club!!
* * * LOW HITPOINT WARNING * * *
Unknown command.
You attack the two-headed ogre from above.
You barely miss the two-headed ogre. You tail-slap the two-headed ogre.
The two-headed ogre is heavily wounded.
The two-headed ogre hits you with a giant spiked club!
You die...

#.# #.#
########.###
#.# #.# #....
#.# ###....
#.# ##.#....
#.###
##.#..###
#...#
########
#.##.##E#
###.#
#......#
##.#..### #.#
#ยง####)#
##...... #.#
#@# #.#
#...####
#.####O#
#.####...###
#..)...#
#.##.).....##
########
#....).......
####.......##
.........###
#####.......
##...##..
##.## #


You could see a two-headed ogre.

Vanquished Creatures
  2 hippogriffs (D:7)
  An orc warrior (D:7)
  2 ice beasts
  An eye of draining (D:8)
  A sky beast (D:5)
  7 ogres
  A necrophage (D:3)
  2 centaurs
  3 bullfrogs
  A scorpion (D:7)
  A water moccasin skeleton (D:4)
  A howler monkey (D:6)
  A centaur zombie (Ossuary)
  A bullfrog zombie (D:7)
  4 crimson imps
  2 hounds
  2 centaur skeletons
  4 orc priests
  A jelly (D:7)
  11 mummies (Ossuary)
  An orc wizard (D:5)
  3 iguanas
  Ijyb (D:3)
  9 worker ants
  5 hound zombies (Ossuary)
  A hound skeleton (D:4)
  A howler monkey zombie (Ossuary)
  12 adders
  2 shadow imps (D:5)
  3 oozes
  2 adder skeletons
  An adder zombie (Ossuary)
  6 worms
  5 dart slugs
  4 leopard geckos
  10 orcs
  13 bats
  5 giant cockroaches
  7 goblins
  6 hobgoblins
  9 jackals
  5 kobolds
  7 quokkas
  3 ball pythons
  2 jackal skeletons (D:6)
  3 jackal zombies
  A leopard gecko skeleton (D:5)
  2 leopard gecko zombies (Ossuary)
  A quokka zombie (Ossuary)
  6 rats
185 creatures vanquished.

Vanquished Creatures (collateral kills)
  A mummy (Ossuary)
1 creature vanquished.

Vanquished Creatures (others)
  A mummy (Ossuary)
  A shadow imp (D:6)
  2 withered plants (Ossuary)
4 creatures vanquished.

Grand Total: 190 creatures vanquished

Notes
Turn   | Place    | Note
-------+----------+-------------------------------------------
     0 | D:1      | xomlike the Draconian Wanderer began the quest for the Orb.
     0 | D:1      | xomlike set off with: a +0 shield, a +0 hand axe, a scroll of teleportation, a bread ration
     0 | D:1      | Reached XP level 1. HP: 19/19 MP: 1/1
   107 | D:1      | Reached XP level 2. HP: 17/26 MP: 2/2
  1095 | D:2      | Reached XP level 3. HP: 31/31 MP: 3/3
  1236 | D:2      | Reached skill level 6 in Axes
  1855 | D:2      | Reached XP level 4. HP: 3/38 MP: 4/4
  2536 | D:2      | Found a white marble altar of Elyvilon.
  2539 | D:2      | Found a shimmering altar of Xom.
  2541 | D:2      | Found a shattered altar of Ashenzari.
  2545 | D:2      | Found a burning altar of Makhleb.
  2546 | D:2      | Found an ancient bone altar of Kikubaaqudgha.
  2721 | D:3      | Noticed a necrophage
  2751 | D:3      | Killed a necrophage
  2751 | D:3      | Reached skill level 7 in Axes
  2751 | D:3      | Reached XP level 5. HP: 15/42 MP: 5/5
  3082 | D:3      | Found a shadowy altar of Dithmenos.
  3495 | D:3      | Noticed Ijyb
  3524 | D:3      | Killed Ijyb
  3748 | D:3      | Reached XP level 6. HP: 48/48 MP: 6/6
  3893 | D:3      | Reached skill level 8 in Axes
  3991 | D:4      | Found a staircase to the Ecumenical Temple.
  3991 | D:4      | Noticed a hippogriff
  4131 | D:4      | Found a sand-covered staircase.
  4142 | Ossuary  | Entered an ossuary
  4558 | Ossuary  | HP: 2/51 [mummy (12)]
  4755 | Ossuary  | Reached skill level 9 in Axes
  4764 | Ossuary  | Your scales start taking on a dull iron-grey colour.
  4764 | Ossuary  | Reached XP level 7. HP: 37/57 MP: 7/7
  4764 | Ossuary  | Gained mutation: You can survive without breathing. [Grey Draconian growth]
  5610 | D:4      | Reached skill level 10 in Axes
  5961 | Temple   | Entered the Ecumenical Temple
  6733 | D:5      | Entered Level 5 of the Dungeon
  6744 | D:5      | Found an ornate altar of the Wu Jian Council.
  6769 | D:5      | Reached XP level 8. HP: 50/63 MP: 8/8
  6773 | D:5      | Became a worshipper of the Wu Jian Council
  7566 | D:5      | Reached skill level 11 in Axes
  8112 | D:6      | Found a sparkling altar of Nemelex Xobeh.
  8309 | D:6      | Learned a level 2 spell: Blink
  8353 | D:6      | Learned a level 2 spell: Call Imp
  8357 | D:6      | Learned a level 3 spell: Conjure Flame
  8372 | D:6      | Reached * piety under Wu Jian
  8732 | D:6      | Reached skill level 12 in Axes
  9009 | D:7      | Noticed a hippogriff
  9038 | D:7      | Killed a hippogriff
  9038 | D:7      | Reached XP level 9. HP: 11/70 MP: 9/9
  9353 | D:7      | Reached skill level 1 in Dodging
  9570 | D:7      | Noticed a troll
 11044 | D:7      | Reached skill level 5 in Fighting
 12367 | D:8      | Reached ** piety under Wu Jian
 12400 | D:8      | Found a stormy altar of Qazlal.
 12429 | D:8      | Reached skill level 13 in Axes
 12634 | D:8      | Noticed a two-headed ogre
 12647 | D:8      | Slain by a two-headed ogre

Vault maps used:
D:1:      dpeg_arrival_signposts, hangedman_decor_riveting, roderic_lattice_a,
          glass_columns_a
D:2:      minitemple
D:3:      grunt_dithmenos_smoke, kennysheep_cluttered_room,
          kennysheep_nondescript, uniq_ijyb
D:4:      minmay_temple_entry_statues_fountains, nicolae_ossuary_entry_ruins,
          first_bread
D:5:      old_standard_altar, serial_co_window_serial, co_window_cross_1,
          co_window_corner_a, co_window_paths_a, co_window_of_opportunity_a,
          co_window_paths_b, co_window_2corner, co_window_broadway_c,
          co_window_of_opportunity_c, co_window_broadway_c, co_window_corner_cb,
          co_window_4corner_a, glass_columns_c, kennysheep_generic_room_13
D:6:      nemelex_altar_shiori
D:7:      grunt_ogre_cave
D:8:      nicolae_qazlal_style_of_elements
Temple:   nicolae_temple_great_sept
Ossuary:  ossuary_zaba_flooded

Skill      XL: |  1  2  3  4  5  6  7  8  9 |
---------------+----------------------------+-----
Axes           | 6 7 9 10 12 13 | 13.1
Dodging        | 3 |  3.4
Fighting       | 5 |  5.6
Throwing       | |  1.0
Shields        | |  1.0

Action                   |  1- 3 |  4- 6 |  7- 9 || total
-------------------------+-------+-------+-------++-------
Melee: Hand axe          |   118 |   293 |   531 ||   942
       Tailslap          |    14 |    32 |    98 ||   144
       Battleaxe         |       |       |    68 ||    68
Throw: Stone             |     3 |     7 |     5 ||    15
Evoke: Wand              |       |     1 |     5 ||     6
  Use: Potion            |     1 |     2 |     6 ||     9
       Scroll            |       |    10 |     6 ||    16
 Stab: Sleeping          |       |     7 |     3 ||    10
  Eat: Chunk             |     3 |     7 |    13 ||    23
       Royal jelly       |       |     1 |       ||     1
       Bread ration      |       |       |     3 ||     3
Armor: Skin              |    64 |    80 |   181 ||   325
Dodge: Dodged            |    47 |    84 |   177 ||   308
Block: Shield            |    48 |    82 |   158 ||   288
